 Dungeon Crawl Stone Soup version 0.31.0-12-g77e489cdc1 (webtiles) character file.

Game seed: 2215333570613447902

51 Doomgape the Shield-Bearer (level 3, -1/37 HPs)
             Began as a Troll Fighter on Feb 24, 2024.
             Slain by a hobgoblin
             ... wielding a +0 spear
             ... led by Robin
              (8 damage)
             ... on level 2 of the Dungeon.
             The game lasted 00:02:17 (1102 turns).

Doomgape the Shield-Bearer (Troll Fighter)          Turns: 1102, Time: 00:02:17

Health: -1/37      AC:  4    Str: 26    XL:     3   Next: 58%
Magic:  2/2        EV:  9    Int:  4    God:
Gold:   52         SH:  7    Dex:  9    Spells: 2/2 levels left

rFire   . . .        f - +3 whip (drain)
rCold   . . .        c - +0 kite shield
rNeg    . . .        b - +0 robe
rPois   .            (helmet restricted)
rElec   .            (no cloak)
rCorr   .            (gloves unavailable)
SInv    .            (boots unavailable)
Will    .....        g - amulet of the acrobat
Stlth   +            (no ring)
HPRegen 1.06/turn    (no ring)
MPRegen 0.08/turn

%: acrobat
@: no status effects
A: large, unfitting armour, claws 3, regeneration 1, shaggy fur 1, tough skin 1
a: no special abilities


You were on level 2 of the Dungeon.
You visited 1 branch of the dungeon, and saw 2 of its levels.

You collected 52 gold pieces.

Inventory:

Hand Weapons
 f - a +3 whip of draining (weapon)
Armour
 b - a +0 robe (worn)
 c - a +0 kite shield (worn)
Jewellery
 g - an amulet of the acrobat (around neck)
Scrolls
 i - a scroll of torment {unknown}
 j - a scroll of fog {unknown}
 l - a scroll of teleportation {unknown}
Potions
 a - a potion of ambrosia {unknown}
 d - a potion of might
 e - a potion of curing
 h - a potion of haste {unknown}
 k - 2 potions of heal wounds {unknown}
 m - a potion of brilliance {unknown}


   Skills:
 + Level 3.0 Fighting
 + Level 2.5 Maces & Flails
 - Level 2.4 Dodging
 + Level 3.2 Shields


You had 2 spell levels left.
You didn't know any spells.
Your spell library contained the following spells:

 Spells                   Type           Power      Damage    Failure   Level
 Jinxbite                 Hex            0%         N/A       87%         2
 Yara's Violent Unravell  Hex/Alch       0%         3d3       100%        5
 Enfeeble                 Hex            0%         N/A       100%        7


Dungeon Overview and Level Annotations

Branches:
Dungeon (2/15)

Altars:


Innate Abilities, Weirdness & Mutations

You are too large for most types of armour.
You have claws for hands.
Your natural rate of healing is unusually fast.
You are covered in fur. (AC +1)
You have tough skin. (AC +1)


Message History

Robin shouts!
The hobgoblin shouts! x2; You hear a shout! x2
A goblin comes into view. It is wielding a +0 dagger.
The hobgoblin shouts!
The goblin shouts!
A goblin comes into view. It is wielding a +0 dagger.
Found a stone staircase leading up.
Robin misses you.
You barely miss Robin.
The hobgoblin shouts!
You hear a shout!
Robin hits you but does no damage.
The hobgoblin hits you but does no damage.
You whack Robin!
Robin is heavily wounded.
You block the hobgoblin's attack.
Robin's horned helmet rattles.
Robin roars a battlecry!
The goblins go into a battle-frenzy!
The hobgoblin hits you from afar with a +0 spear.
You hit Robin.
Robin is heavily wounded.
The hobgoblin hits you. Robin throws the goblin at you!
The hobgoblin hits you from afar with a +0 spear!
The goblin hits you but does no damage.
Unknown command.
You hit Robin. You drain Robin.
Robin is almost dead.
Robin throws the goblin at you! You block the hobgoblin's attack.
The hobgoblin hits you. You block the hobgoblin's attack.
The goblin hits you with a +0 dagger. You block the goblin's attack.
The hobgoblin hits you but does no damage.
Robin hits you but does no damage. The goblin hits you but does no damage.
The hobgoblin completely misses you. The hobgoblin closely misses you.
The goblin hits you with a +0 dagger.
* * * LOW HITPOINT WARNING * * *
You hit Robin but do no damage. You drain Robin.
You kill Robin!
The goblin hits you with a +0 dagger.
* * * LOW HITPOINT WARNING * * *
You block the goblin's attack. You block the hobgoblin's attack.
The hobgoblin hits you from afar with a +0 spear!
You die...

###.#.....###.# #.#
..##......#.## #..
..%.##........#####
...
###..................
....
#..####..##.#######
.... #..........#
#####...######
##.......g..###
##......g@gg...#
#........gg......
#....)<........#.
#.)............#
#.....$........#
................#
###.$...........g<
##..........####
############


You could see 4 hobgoblins and 3 goblins.

Vanquished Creatures
  Robin (D:2)
  2 dart slugs (D:1)
  3 ball pythons (D:1)
  4 endoplasms (D:1)
  2 giant cockroaches
  7 goblins
  3 hobgoblins (D:1)
  6 jackals (D:1)
  4 kobolds
  A quokka (D:1)
  3 bats
  3 frilled lizards (D:1)
  4 rats
43 creatures vanquished.

Notes
Turn   | Place    | Note
-------+----------+-------------------------------------------
     0 | D:1      | Doomgape the Troll Fighter began the quest for the Orb.
     0 | D:1      | Reached XP level 1. HP: 22/22 MP: 0/0
   150 | D:1      | Reached XP level 2. HP: 29/29 MP: 1/1
   402 | D:1      | Reached XP level 3. HP: 36/36 MP: 2/2
  1094 | D:2      | Noticed Robin
  1102 | D:2      | Killed Robin
  1102 | D:2      | Slain by a hobgoblin

Illustrated notes

Levels and vault maps discovered:
D:1:      minmay_arrival_five_plusses, layout_loops_corners
D:2:      layout_rooms, uniq_robin

Skill      XL: |  1  2  3 |
---------------+----------+-----
Maces & Flails | 2 |  2.5
Shields        | 3 |  3.2
Fighting       | 3 |  3.0
Dodging        | |  2.4

Action                     || total
---------------------------++-------
  Melee: Whip              ||   107
         Flail             ||     5
    Use: Scroll            ||     2
 Armour: Robe              ||    82
  Dodge: Dodged            ||    33
  Block: Kite shield       ||    40
